 Dungeon Crawl Stone Soup version 0.19-a0-320-gcfc3c9c (webtiles) character file.

2200 Arkorax the Grappler (level 9, -2/82 HPs)
             Began as a Ghoul Monk on May 28, 2016.
             Shot with an arrow by a centaur (9 damage)
             ... on level 7 of the Dungeon.
             The game lasted 00:08:13 (6548 turns).

Arkorax the Grappler (Ghoul Monk)                   Turns: 6548, Time: 00:08:14

Health: -2/82      AC: 13    Str: 13 (15) XL:     9   Next: 34%
Magic:  8/8        EV:  4    Int:  5      God:
Gold:   324        SH:  0    Dex: 14      Spells: 0 memorised, 8 levels left

rFire  . . .     SeeInvis .       - Unarmed
rCold  + . .     Gourm    .     x - +0 plate armour
rNeg   + + +     Faith    .     (no shield)
rPois  ∞         Spirit   .     (no helmet)
rElec  .         Dismiss  .     y - +0 cloak
rCorr  .         Reflect  .     (no gloves)
SustAt .         Harm     .     (no boots)
MR     .....                    (no amulet)
Stlth  ..........               (no ring)
                                n - ring of wizardry

@: flying, rotting, not resistant to hostile enchantments, extremely unstealthy
A: rotting body, claws 1, carnivore 3, cold resistance 1, negative energy
resistance 3, slow regeneration 1, torment resistance, unbreathing
a: no special abilities


You were on level 7 of the Dungeon.
You were not hungry.

You visited 1 branch of the dungeon, and saw 7 of its levels.

You collected 324 gold pieces.

Inventory:

Armour
 k - a +0 chain mail
 x - a +0 plate armour (worn)
 y - a +0 cloak (worn)
Jewellery
 n - a ring of wizardry (left claw)
Wands
 i - a wand of iceblast (7/15)
 z - a wand of slowing (20/48)
Scrolls
 c - a scroll of magic mapping {unknown}
 d - 5 scrolls of identify {unknown}
 j - 4 scrolls of teleportation
 m - a scroll of fog
 p - a scroll of remove curse
 q - a scroll of enchant weapon {unknown}
 t - a scroll of blinking
 v - a scroll of noise {unknown}
 w - a scroll of enchant armour {unknown}
Potions
 h - 2 potions of degeneration
 o - a potion of flight
 u - a potion of curing {unknown}
Books
 f - a book of the Earth

   Spells                             Type                      Level
   a - Leda's Liquefaction            Hexes/Earth                  4
   b - Bolt of Magma                  Conjuration/Fire/Earth       5
   c - Statue Form                    Transmutation/Earth          6
   d - Iron Shot                      Conjuration/Earth            6
   e - Shatter                        Earth                        9
 l - a Young Poisoner's Handbook

   Spells                             Type                      Level
   a - Sting                          Conjuration/Poison           1
   b - Cure Poison                    Poison                       2
   c - Mephitic Cloud                 Conjuration/Poison/Air       3
   d - Olgreb's Toxic Radiance        Poison                       4
   e - Venom Bolt                     Conjuration/Poison           5
Comestibles
 a - a chunk of flesh
 b - 5 meat rations
 r - a slice of pizza


   Skills:
 * Level 8.9 Fighting
 + Level 4.5 Armour
 - Level 2.6 Dodging
 - Level 2.1 Stealth
 * Level 9.7 Unarmed Combat


You had 8 spell levels left.
You didn't know any spells.

Dungeon Overview and Level Annotations

Branches:
Dungeon (7/15)
 Temple: D:4-7

Altars:
Ashenzari
Cheibriados
Fedhas
Gozag
Nemelex Xobeh
Okawaru
Pakellas
Vehumet
Xom
Yredelemnul
Zin

Shops:
D:4 *   D:7 ?[

Annotations:
D:3 Eustachio


Innate Abilities, Weirdness & Mutations

Your body is rotting away.
You thrive on raw meat.
You are immune to poison.
You have sharp fingernails.
You are carnivorous and can eat meat at any time.
Your flesh is cold resistant. (rC+)
You are immune to negative energy. (rN+++)
You regenerate slowly when monsters are visible.
You are immune to unholy pain and torment.
You can survive without breathing.


Message History

You continue eating.
The warg bites you but does no damage. The big kobold barely misses you.
Eat one of 3 chunks of flesh? (ye/n/q/i?) This raw flesh tastes great!
Your surroundings suddenly seem different.
Found a royal jelly.
Found Vyot's Magic Scroll Shoppe.
Found a stone staircase leading down.
You continue eating. x2
Unknown command.
Unknown command.
The centaur wields an uncursed shortbow.
The centaur shoots an arrow.
The arrow hits you!
* * * LOW HITPOINT WARNING * * *
You feel your flesh rotting away.
The centaur shoots an arrow.
The arrow hits you but does no damage.
You see here an arrow.
Eat one of 2 chunks of flesh? (ye/n/q/i?)
You feel more resilient.
This raw flesh tastes great!
The centaur shoots an arrow.
The arrow hits you!
You die...

..>.#..(..## K.
...............(...##
...%...>...(........#
........>........(..#
..............c.....#
..................(.# ...
..#.................# ....
...................∩#.....
#......@................
#.#.....#.....<.........
#...zz####.......###.....
#....## ##......# .#...
...#'# #.......# # ##
....#∩######..##.....# ...
###........#.###... ..
....#######...###....
##...)..........


You could see a centaur and 2 wights.

Vanquished Creatures
  Prince Ribbit (D:6)
  Menkaure (D:5)
  Edmund (D:4)
  A warg (D:7)
  A phantom (D:7)
  An orc warrior (D:6)
  2 ogres
  A centaur (D:6)
  2 giant frogs (D:7)
  2 scorpions
  5 wights (D:6)
  3 howler monkeys (D:7)
  A giant frog zombie (D:6)
  4 crimson imps
  3 hounds
  A quasit (D:7)
  Crazy Yiuf (D:6)
  3 iguanas
  2 worker ants
  2 hound skeletons
  A worker ant zombie (D:5)
  4 gnolls (D:5)
  9 adders
  2 oozes
  2 worms
  A dart slug (D:1)
  3 giant geckos
  5 orcs
  4 giant cockroaches
  9 goblins
  15 hobgoblins
  2 jackals (D:2)
  5 quokkas
  4 ball pythons
  4 bats
  A giant gecko skeleton (D:4)
  A giant newt (D:4)
  A jackal skeleton (D:6)
  9 kobolds
  A quokka skeleton (D:4)
  8 rats
129 creatures vanquished.

Notes
Turn   | Place    | Note
--------------------------------------------------------------
     0 | D:1      | Arkorax the Ghoul Monk began the quest for the Orb.
     0 | D:1      | Reached XP level 1. HP: 19/19 MP: 0/0
   190 | D:1      | Reached XP level 2. HP: 18/26 MP: 1/1
   980 | D:2      | Reached skill level 5 in Unarmed Combat
   980 | D:2      | Reached XP level 3. HP: 27/33 MP: 2/2
  1403 | D:2      | Reached XP level 4. HP: 35/40 MP: 3/3
  1618 | D:3      | Found a glowing silver altar of Zin.
  1634 | D:3      | Found an opulent altar of Gozag.
  1825 | D:3      | Reached skill level 1 in Armour
  2148 | D:3      | Reached XP level 5. HP: 43/47 MP: 4/4
  2484 | D:4      | Noticed Edmund
  2506 | D:4      | Killed Edmund
  2506 | D:4      | Reached skill level 5 in Fighting
  2506 | D:4      | Reached skill level 6 in Unarmed Combat
  2506 | D:4      | Reached XP level 6. HP: 32/56 MP: 5/5
  2532 | D:4      | Found an iron altar of Okawaru.
  2576 | D:4      | Noticed Eustachio
  2780 | D:4      | Found Rufuol's General Store.
  3099 | D:4      | Reached XP level 7. HP: 55/62 MP: 6/6
  3104 | D:4      | Found a shimmering altar of Xom.
  3471 | D:4      | Found an oddly glowing altar of Pakellas.
  3471 | D:4      | Found a snail-covered altar of Cheibriados.
  3620 | D:5      | Entered Level 5 of the Dungeon
  3649 | D:5      | Found a shattered altar of Ashenzari.
  3649 | D:5      | Noticed Menkaure
  3907 | D:5      | Killed Menkaure
  3907 | D:5      | Reached skill level 7 in Unarmed Combat
  4577 | D:6      | Noticed Prince Ribbit
  4820 | D:6      | Killed Prince Ribbit
  4820 | D:6      | Reached XP level 8. HP: 26/71 MP: 7/7
  5327 | D:6      | Reached skill level 8 in Unarmed Combat
  5340 | D:6      | Found a shattered altar of Ashenzari.
  5373 | D:6      | Found a blossoming altar of Fedhas.
  5457 | D:6      | Noticed Crazy Yiuf
  5463 | D:6      | Killed Crazy Yiuf
  5517 | D:6      | Found a basalt altar of Yredelemnul.
  5560 | D:6      | Found a sparkling altar of Nemelex Xobeh.
  6234 | D:7      | Found a radiant altar of Vehumet.
  6248 | D:7      | Reached skill level 9 in Unarmed Combat
  6256 | D:7      | Found a shimmering altar of Xom.
  6306 | D:7      | Reached XP level 9. HP: 58/81 MP: 8/8
  6449 | D:7      | Found Emeaziq's Armour Shoppe.
  6538 | D:7      | HP: 2/82 [warg (10)]
  6542 | D:7      | Found Vyot's Magic Scroll Shoppe.
  6546 | D:7      | HP: 2/82 [centaur/arrow (12)]
  6548 | D:7      | Shot with an arrow by a centaur

Vault maps used:
D:1:      dpeg_arrival_tiny_d, serial_bayou, serial_bayou_ford_a,
          serial_bayou_lagoon_a, serial_bayou_crossing, serial_bayou_shore_a,
          minmay_misc_feat_rows
D:2:      roderic_serpentine_path
D:3:      old_standard_altar, grunt_gozag_breadcrumbs, grunt_decor_one_mirror,
          kennysheep_generic_room_16
D:4:      gammafunk_temple_overflow_elements, old_standard_altar, serial_shops,
          shop, serial_bayou_pond_b, minivault_27, tgw_xom, uniq_eustachio,
          uniq_edmund
D:5:      first_bread, nicolae_ashenzari_panopticon, uniq_menkaure
D:6:      nicolae_overflow_quartered_altars, uniq_crazy_yiuf_cottage,
          uniq_prince_ribbit1
D:7:      lemuel_castle_with_subvaults, old_standard_altar,
          minmay_temple_entry_statues_pillars, serial_shops,
          kennysheep_little_box, shop, nicolae_shop_window_shopping, basic_altar

Skill      XL: |  1  2  3  4  5  6  7  8 |
---------------+-------------------------+-----
Unarmed Combat | 5 6 7 9 |  9.7
Fighting       | 4 5 6 8 |  8.9
Armour         | 1 2 3 4 |  4.5
Dodging        | |  2.6
Stealth        | |  2.1

Action                   |  1- 3 |  4- 6 |  7- 9 || total
-------------------------+-------+-------+-------++-------
Melee: Unarmed           |    96 |   175 |   280 ||   551
       Punch             |     2 |     1 |     7 ||    10
  Use: Potion            |       |     3 |     7 ||    10
       Scroll            |       |       |     4 ||     4
 Stab: Sleeping          |     2 |       |       ||     2
  Eat: Chunk             |     3 |     8 |    17 ||    28
Armor: Robe              |     6 |       |       ||     6
       Chain mail        |     9 |    93 |    92 ||   194
       Plate armour      |       |       |   133 ||   133
Dodge: Dodged            |    49 |    49 |   116 ||   214
